Map: Año Cero EE

Players

JustAStar - Winner!

  • Race: Zerg Zerg
  • League: Platinum
  • Spawn Location: 11:00

miguelgomez

  • Race: Protoss Protoss
  • League: Platinum
  • Spawn Location: 1:00

VOD

Have the link to the VOD?

Description

make queens to save spires
make zerglings to save drones
make nydus to get that protoss booty

Time

  • Played on: Feb. 28, 2019, 10:46 p.m.
  • Length: 8:50
Show
View Real Time Build Order
Export as new Build Order

JustAStar Zerg - Winner!

Build Orders: Hatch First 

Get SALT Encoding   

  12  0:01  Drone  
  13  0:14  Overlord  
  13  0:18  Drone  
  14  0:33  Drone x2  
  16  0:39  Drone  
  17  0:58  Hatchery  
  17  1:00  Drone  
  17  1:03  Drone  
  18  1:06  Extractor  
  18  1:09  Drone  
  18  1:27  Drone  
  18  1:31  Spawning Pool  
  18  1:47  Drone  
  18  1:50  Drone  
  20  2:16  Drone x2  
  20  2:18  Queen x2  
  26  2:23  Overlord  
  26  2:24  Overlord  
  26  2:29  Zergling x4  
  28  2:55  Drone x5  
  33  3:02  Spine Crawler  
  33  3:05  Spine Crawler  
  30  3:13  Lair  
  30  3:14  Overlord  
  30  3:16  Drone x2  
  32  3:21  Spine Crawler  
  31  3:29  Pneumatized Carapace  
  31  3:49  Drone x6  
  31  3:50  Drone, Spine Crawler  
  37  4:08  Overlord  
  37  4:09  Overlord  
  37  4:20  Zergling x12  
  37  4:21  Zergling x2  
  44  4:26  Spine Crawler  
  44  4:27  Spine Crawler  
  42  4:35  Queen  
  42  4:36  Spine Crawler  
  42  4:56  Spine Crawler  
  39  5:00  Spine Crawler  
  39  5:01  Spine Crawler  
  39  5:05  Zergling x2  
  39  5:06  Zergling x12, Spine Crawler  
  38  5:16  Zergling x6  
  41  5:21  Queen  
  41  5:27  Metabolic Boost  
  43  5:35  Spine Crawler  
  42  5:38  Drone x2  
  44  5:49  Nydus Network  
  36  5:59  Zergling x10  
  40  6:13  Zergling x6  
  40  6:14  Zergling x2  
  44  6:35  Zergling x8  
  48  6:43  Spine Crawler  
  48  6:46  Spine Crawler  
  46  6:49  Zergling x2, Spine Crawler  
  46  6:50  Zergling x2  
  46  6:51  Queen  
  49  6:55  Nydus Canal  
  49  7:14  Zergling x8  
  49  7:15  Zergling x6  
  55  7:31  Spine Crawler  
  55  7:32  Spine Crawler  
  55  7:34  Spine Crawler  
  27  8:13  Drone x2  
Show
View Real Time Build Order
Export as new Build Order

miguelgomez Protoss 

Build Orders:  

Get SALT Encoding   

  12  0:05  Probe  
  13  0:17  Probe  
  14  0:23  Pylon  
  14  0:29  Probe  
  14  0:30  Assimilator  
  15  0:42  Probe  
  16  0:46  Gateway  
  16  0:54  Probe  
  17  1:02  Gateway  
  17  1:19  Probe  
  18  1:31  Probe  
  19  1:36  Cybernetics Core  
  19  1:38  Zealot  
  21  1:43  Probe  
  21  1:45  Pylon  
  21  1:46  Warp Gate  
  22  1:57  Probe  
  23  2:01  Pylon  
  23  2:03  Zealot  
  23  2:08  Gateway  
  25  2:21  Assimilator  
  26  2:22  Probe  
  26  2:30  Robotics Facility  
  26  2:35  Zealot  
  28  2:42  Zealot  
  30  2:58  Zealot  
  32  3:04  Shield Battery  
  32  3:07  Immortal  
  32  3:12  Probe  
  37  3:30  Gateway  
  37  3:37  Adept  
  39  3:50  Pylon  
  39  3:53  Pylon  
  39  4:09  Adept  
  41  4:10  Adept  
  41  4:11  Adept  
  41  4:16  Pylon  
  45  4:25  Stalker  
  47  4:34  Immortal  
  45  4:46  Zealot x2  
  43  5:03  Zealot x2  
  41  5:15  Adept x2  
  45  5:23  Adept  
  45  5:24  Adept  
  43  5:55  Immortal  
  29  5:59  Adept x2  
  29  6:00  Adept x2  
  39  6:20  Zealot  
  39  6:24  Adept x2  
  45  6:28  Zealot  
  47  6:42  Adept  
  47  6:45  Zealot  
  43  7:10  Zealot x2  
  43  7:11  Zealot x2  
Tags
 
Add a new tag
Caveats
  • Supply blocks, unpowered buildings, or Contaminate may cause inaccurate times.
  • Supply counts are checked every 10 seconds.